AoeStats
← juniorpocoyo60

Arabia

510118526Analyzed
1v1 RM · 3d ago on Sep 29, 2026· 31m 36s· 2 players
Game mode
Random Map
Map size
Tiny (2 player)
Population
200
Speed
Normal
Resources
Standard
Victory
Conquest
Starting age
Dark Age
Ending age
Imperial Age
RankedLock teamsTeams togetherTeam positionsShared explorationLock speedFull tech treeHidden civsTurbo modeCheats
Victory
Defeat
🇬🇧 Franks · United Kingdom
890
+14
🇪🇸 Armenians · Spain
849
-14
juniorpocoyo60
11:38 Feudal Age
12:12 Double-Bit Axe
12:17 Horse Collar
13:09 Gold Mining
17:04 Castle Age
16:54 Horse Collar
18:35 Wheelbarrow
18:49 Fervor
18:55 Bow Saw
19:52 Herbal Medicine
22:06 Hand Cart
24:40 Sanctity
27:04 Gold Shaft Mining
26:34 Heavy Plow
29:18 Forging
29:10 Scale Mail Armor
30:24 Squires
30:11 Arson
grizz_brit
4:02 Loom
11:29 Feudal Age
12:08 Double-Bit Axe
19:17 Castle Age
18:09 Scale Barding Armor
20:38 Wheelbarrow
20:49 Gold Mining
22:16 Forging
22:55 Husbandry
25:29 Town Watch
28:03 Sanctity
29:07 Chain Barding Armor
30:04 Iron Casting
Connection lost

Rejoining the realm…

Still unreachable

The connection could not be restored.

Session expired

The server has moved on; the page needs a fresh start.